 Zot Defence DCSS version 0.15.2 (webtiles) character file.

2076 Kakkamies the Protected (level 9, 0/42 (81) HPs)
             Began as a Minotaur Fighter on June 20, 2017.
             Engulfed by a cloud of freezing vapour (16 damage)
             ... in the Realm of Zot (Scenario I: Hall of Zot).
             The game lasted 00:13:01 (1452 turns).

Kakkamies the Protected (Minotaur Fighter)          Turns: 1452, Time: 00:13:01

HP   0/42 (81)   AC  8     Str 23      XL: 9   Next:  6%
MP   4/4         EV  7     Int  5      God:
Gold 0           SH 10     Dex 11      Spells:  0 memorised,  8 levels left

rFire  . . .     SeeInvis .     a - +0 flail
rCold  . . .     Clarity  .     b - +0 scale mail
rNeg   . . .     rCorr    .     c - +0 shield
rPois  .         rRot     .     (helmet restricted)
rElec  .         Spirit   .     (no cloak)
SustAb .         Warding  .     (no gloves)
rMut   .         Stasis   .     (no boots)
Gourm  .                        (no amulet)
MR     .....                    (no ring)
                                (no ring)

@: not resistant to hostile enchantments, extremely unstealthy
A: retaliatory headbutt, horns 2
a: Make oklob sapling, Make arrow trap, Make plant, Remove Curse, Make burning
bush, Make altar, Make grenades, Make oklob plant, Make net trap, Make ice
statue


You were in the Realm of Zot.
You were not hungry.

You visited 1 branch

Inventory:

Hand weapons
 a - a +0 flail (weapon)
Armour
 b - a +0 scale mail (worn)
 c - a +0 shield (worn)
Comestibles
 f - a bread ration
Scrolls
 k - a scroll of blinking
Potions
 d - a potion of curing
 e - a potion of might
 h - a potion of haste
 i - 2 potions of magic
 j - a potion of berserk rage


   Skills:
 + Level 7.8 Fighting
 + Level 7.5 Maces & Flails
 + Level 8.4 Armour
 + Level 3.8 Dodging
 + Level 6.4 Shields


You had 8 spell levels left.
You didn't know any spells.

Dungeon Overview and Level Annotations

Branches:
    Zot (1/1)

Altars:

Annotations:
Zot Menkaure


Innate Abilities, Weirdness & Mutations

You reflexively headbutt those who attack you in melee.
You have a pair of horns on your head.


Message History

Your flesh rots away as the Orb of Zot is desecrated. x2
Really walk into that cloud of freezing vapour? [Y]es or [N]o only, please.
Really walk into that cloud of freezing vapour? [Y]es or [N]o only, please.
Really walk into that cloud of freezing vapour? [Y]es or [N]o only, please.
Really walk into that cloud of freezing vapour? [Y]es or [N]o only, please.
Really walk into that cloud of freezing vapour? [Y]es or [N]o only, please.
Really walk into that cloud of freezing vapour?
Okay, then.
Wield which item (- for none, * to show all)? (? for menu, Esc to quit)
Okay, then.
Really walk into that cloud of freezing vapour? [Y]es or [N]o only, please.
Really walk into that cloud of freezing vapour?
You are engulfed in freezing vapours.
You die...

####### ########### ..####
####...... .....### ###.........
.......## ##........... ........#
▓▓▓▓▓▓▓▓▓ #............
........▓▓▓.......▓▓▓..%.........
........▓▓.........▓▓.%Z.........
...)...%▓P...PPP.P%.▓M...........
.....%..).).)PJ.@.))%............
...P.P%%▓....PPP.P..▓..P.........
........▓▓.........▓▓............
........▓▓▓.......▓▓▓............
........▓ ▓▓▓▓▓▓▓▓▓ ▓............
.......▓▓ ▓▓........... .....▓▓▓
▓▓▓......... ..▓▓▓▓ ▓▓▓▓......
▓▓▓▓▓▓ ▓▓▓▓▓▓▓▓▓▓


You could see a large slime creature, Menkaure, 2 friendly oklob plants and 2
friendly oklob saplings.

Vanquished Creatures
  An ugly thing (Zot)
  A sky beast (Zot)
  An iguana (Zot)
  3 orange rats (Zot)
  A sheep (Zot)
  Ijyb (Zot)
  A gnoll (Zot)
  4 green rats (Zot)
  4 giant mites (Zot)
  2 oozes (Zot)
  2 orcs (Zot)
  A hobgoblin (Zot)
  3 jackals (Zot)
  3 bats (Zot)
  A quokka (Zot)
  3 rats (Zot)
32 creatures vanquished.

Vanquished Creatures (collateral kills)
  A deep elf mage (Zot)
  A vampire mosquito (Zot)
  A boggart (Zot)
  2 orange rats (Zot)
  A gnoll shaman (Zot)
  2 hounds (Zot)
  A centaur simulacrum (Zot)
  A killer bee simulacrum (Zot)
  A two-headed ogre simulacrum (Zot)
  4 green rats (Zot)
  A worker ant simulacrum (Zot)
  An adder simulacrum (Zot)
  3 orcs (Zot)
  3 bats (Zot)
  A goblin (Zot)
  2 hobgoblins (Zot)
  3 jackals (Zot)
  An orc simulacrum (Zot)
  2 rats (Zot)
32 creatures vanquished.

Vanquished Creatures (others)
  5 oklob saplings (Zot)
  A plant (Zot)
6 creatures vanquished.

Grand Total: 70 creatures vanquished

Notes
Turn   | Place    | Note
--------------------------------------------------------------
     0 | Zot      | Kakkamies, the Minotaur Fighter, began the quest for the Orb.
     0 | Zot      | Reached XP level 1. HP: 19/19 MP: 1/1
   785 | Zot      | Reached skill level 4 in Fighting
   785 | Zot      | Reached XP level 2. HP: 25/27 MP: 1/1
   832 | Zot      | Reached XP level 3. HP: 29/33 MP: 2/2
   840 | Zot      | Reached XP level 4. HP: 34/41 MP: 2/2
   910 | Zot      | Reached skill level 5 in Fighting
   910 | Zot      | Reached skill level 5 in Armour
   910 | Zot      | Reached XP level 5. HP: 8/11 MP: 2/2
   932 | Zot      | Noticed Cuuro
   963 | Zot      | Killed Cuuro the sky beast
   963 | Zot      | Reached skill level 6 in Armour
   963 | Zot      | Reached XP level 6. HP: 3/20 MP: 3/3
  1037 | Zot      | Noticed Ijyb
  1060 | Zot      | Killed Ijyb
  1060 | Zot      | Reached skill level 1 in Dodging
  1060 | Zot      | Reached XP level 7. HP: 3/25 MP: 3/3
  1096 | Zot      | Reached skill level 5 in Shields
  1129 | Zot      | Reached skill level 5 in Maces & Flails
  1136 | Zot      | Noticed purple ugly thing
  1160 | Zot      | Killed purple ugly thing
  1160 | Zot      | Reached skill level 7 in Fighting
  1160 | Zot      | Reached XP level 8. HP: 32/36 MP: 3/3
  1250 | Zot      | Reached skill level 8 in Armour
  1418 | Zot      | Reached XP level 9. HP: 43/43 MP: 4/4
  1421 | Zot      | Noticed a death cob
  1423 | Zot      | Noticed a moth of wrath
  1427 | Zot      | HP: 2/43 [death cob[a boggart] (1)]
  1439 | Zot      | Noticed a slime creature
  1442 | Zot      | Noticed a slime creature
  1451 | Zot      | Noticed Menkaure
  1452 | Zot      | Engulfed by a cloud of freezing vapour

Action                   |  1- 3 |  4- 6 |  7- 9 || total
-------------------------+-------+-------+-------++-------
Melee: Flail             |    21 |    75 |    40 ||   136
 Abil: Make oklob saplin |     1 |     1 |     6 ||     8
       Make plant        |       |     8 |       ||     8
       Make oklob plant  |       |       |     3 ||     3
  Use: Potion            |       |     1 |     2 ||     3
 Stab: Distracted        |       |       |     2 ||     2
